 Dungeon Crawl Stone Soup version 0.18.1-48-g4cf74bf (console) character file.

1955 Kloppie the Shield-Bearer (level 9, 0/72 HPs)
             Began as a Formicid Fighter on July 9, 2016.
             Killed from afar by an electric eel (13 damage)
             ... with a bolt of electricity
             ... on level 6 of the Dungeon.
             The game lasted 00:09:06 (4843 turns).

Kloppie the Shield-Bearer (Formicid Fighter)        Turns: 4843, Time: 00:09:06

Health: 0/72       AC: 14    Str: 21    XL:     9   Next: 42%
Magic:  9/9        EV:  6    Int:  8    God:
Gold:   294        SH: 11    Dex: 13    Spells: 0 memorised, 8 levels left

rFire  . . .     SeeInvis +     a - +1 flail
rCold  . . .     Gourm    .     r - +1 plate armour
rNeg   . . .     Faith    .     c - +0 shield
rPois  .         Spirit   .     (helmet unavailable)
rElec  .         Dismiss  .     (no cloak)
rCorr  .         Reflect  .     (no gloves)
SustAt .         Harm     .     (no boots)
MR     .....                    (no amulet)
Stlth  ..........               (no ring)
                                (no ring)

@: not resistant to hostile enchantments, extremely unstealthy
A: permanent stasis, dig shafts and tunnels, four strong arms, antennae 3
a: Dig, Shaft Self


You were on level 6 of the Dungeon.
You were not hungry.

You visited 1 branch of the dungeon, and saw 6 of its levels.
You also visited: Ossuary.

You collected 294 gold pieces.

Inventory:

Hand Weapons
 a - a +1 flail (weapon)
Armour
 c - a +0 shield (worn)
 r - a +1 plate armour (worn)
Wands
 d - a wand of flame (19/48)
 e - a wand of flame (7/48)
 h - a wand of polymorph (11/24)
 A - a wand of paralysis (12/24)
Scrolls
 o - 2 scrolls of remove curse
 v - 2 scrolls of amnesia
Potions
 b - a potion of haste
 g - a potion of curing
 j - 4 potions of magic
 m - a potion of ambrosia {unknown}
 n - 6 potions of lignification {unknown}
 q - a potion of resistance {unknown}
 s - a potion of mutation {unknown}
 u - 2 potions of degeneration {unknown}
Comestibles
 f - 2 bread rations
 i - a chunk of flesh
 z - 2 beef jerkies


   Skills:
 + Level 7.3 Fighting
 + Level 5.9 Maces & Flails
 + Level 7.5 Armour
 + Level 7.7 Shields


You had 8 spell levels left.
You didn't know any spells.

Dungeon Overview and Level Annotations

Branches:
Dungeon (6/15)
 Temple: D:4-7

Altars:
Sif Muna
The Shining One

Annotations:
D:3 1 exclusion


Innate Abilities, Weirdness & Mutations

You are under a permanent stasis effect.
You can dig through walls and to a lower floor.
Your four strong arms can wield two-handed weapons with a shield.
You have a pair of large antennae on your head (SInv).


Message History

The electric eel shoots out a bolt of lightning at you!
The bolt of electricity hits you!
* * * LOW HITPOINT WARNING * * *
Drink which item? (? for menu, Esc to quit)
You feel better.
The electric eel shoots out a bolt of lightning at you!
The bolt of electricity hits you!
* * * LOW HITPOINT WARNING * * *
Drink which item? (? for menu, Esc to quit)
You feel better.
Drink which item? (? for menu, Esc to quit)
You feel better.
The electric eel shoots out a bolt of lightning at you!
The bolt of electricity hits you!
* * * LOW HITPOINT WARNING * * *
Drink which item? (? for menu, Esc to quit)
You feel better.
The electric eel shoots out a bolt of lightning at you!
The bolt of electricity hits you!
You die...

##############
...........@.#
≈≈≈≈≈≈≈≈;≈;≈.#
≈≈≈≈≈≈≈≈≈≈≈≈.###
≈≈≈≈≈≈≈≈≈≈≈≈.'.####### #.#
≈≈≈≈≈≈≈≈≈≈≈≈.#.......# #.#
.............#####...# #.#
##############..##...#
##.#######......####......#
....................##...#


You could see 2 electric eels.

Vanquished Creatures
  Grinder (D:5)
  Sigmund (D:3)
  Menkaure (D:5)
  Duvessa (D:5)
  A phantom (D:5)
  3 ogres
  2 centaurs (D:5)
  3 water moccasin zombies (Ossuary)
  Dowan (D:5)
  A howler monkey (D:4)
  A centaur zombie (D:5)
  A giant frog skeleton (D:4)
  A hound (D:5)
  2 orc priests (D:3)
  2 orc wizards
  Jessica (D:2)
  3 worker ants
  2 big kobold zombies (Ossuary)
  A hound zombie (D:5)
  2 mummies (Ossuary)
  7 adders
  2 shadow imps (D:5)
  3 oozes
  3 adder zombies (Ossuary)
  An adder skeleton (D:5)
  5 worms
  A dart slug (D:1)
  4 giant geckos
  10 orcs
  4 giant cockroaches
  11 goblins
  10 hobgoblins
  14 jackals
  A quokka (D:4)
  4 bats
  A giant newt (D:1)
  A gnoll zombie (Ossuary)
  4 hobgoblin zombies (Ossuary)
  A jackal skeleton (D:5)
  5 kobolds
  6 kobold zombies (Ossuary)
  5 orc zombies (Ossuary)
  9 rats
143 creatures vanquished.

Vanquished Creatures (others)
  2 plants (D:3)
2 creatures vanquished.

Grand Total: 145 creatures vanquished

Notes
Turn   | Place    | Note
--------------------------------------------------------------
     0 | D:1      | Kloppie the Formicid Fighter began the quest for the Orb.
     0 | D:1      | Reached XP level 1. HP: 18/18 MP: 1/1
   109 | D:1      | Reached XP level 2. HP: 24/24 MP: 2/2
   318 | D:1      | Reached XP level 3. HP: 30/30 MP: 3/3
   626 | D:2      | Found a glowing golden altar of the Shining One.
   661 | D:2      | Noticed Jessica
   671 | D:2      | Killed Jessica
   671 | D:2      | Reached XP level 4. HP: 37/37 MP: 4/4
  1113 | D:2      | Reached XP level 5. HP: 41/42 MP: 5/5
  1467 | D:3      | Noticed Sigmund
  1477 | D:3      | Killed Sigmund
  1477 | D:3      | Reached skill level 5 in Shields
  1477 | D:3      | Reached XP level 6. HP: 40/50 MP: 6/6
  1888 | D:3      | Reached skill level 5 in Fighting
  2187 | D:3      | Reached skill level 5 in Armour
  2213 | D:3      | Reached XP level 7. HP: 46/56 MP: 7/7
  2520 | D:4      | Found a sand-covered staircase.
  2532 | Ossuary  | Entered an ossuary
  2916 | D:4      | Reached XP level 8. HP: 64/64 MP: 8/8
  3444 | D:5      | Entered Level 5 of the Dungeon
  3455 | D:5      | Found a deep blue altar of Sif Muna.
  3848 | D:5      | Reached skill level 5 in Maces & Flails
  3854 | D:5      | Noticed Grinder
  3897 | D:5      | Killed Grinder
  3897 | D:5      | Reached XP level 9. HP: 52/71 MP: 9/9
  3995 | D:5      | Noticed Menkaure
  4006 | D:5      | Killed Menkaure
  4165 | D:5      | Noticed Duvessa
  4166 | D:5      | Noticed Dowan
  4196 | D:5      | Killed Duvessa
  4213 | D:5      | Killed Dowan
  4843 | D:6      | Killed from afar by an electric eel

Skill      XL: |  1  2  3  4  5  6  7  8  9 |
---------------+----------------------------+-----
Shields        | 4 5 6 7 |  7.7
Fighting       | 4 5 6 7 |  7.3
Armour         | 4 5 6 7 |  7.5
Maces & Flails | 3 4 5 |  5.9

Action                   |  1- 3 |  4- 6 |  7- 9 || total
-------------------------+-------+-------+-------++-------
Melee: Flail             |    81 |   148 |   400 ||   629
 Abil: Dig               |       |     1 |     3 ||     4
Evoke: Wand              |       |       |     8 ||     8
  Use: Potion            |       |     1 |     7 ||     8
       Scroll            |       |       |    13 ||    13
 Stab: Paralysed         |       |       |     7 ||     7
  Eat: Chunk             |       |     5 |     5 ||    10
       Meat ration       |       |       |     1 ||     1
Armor: Scale mail        |    31 |    11 |       ||    42
       Plate armour      |       |    73 |   202 ||   275
       Skin              |       |       |     3 ||     3
Dodge: Dodged            |    24 |    32 |    70 ||   126
Block: Shield            |    37 |    65 |   216 ||   318
